 Dungeon Crawl Stone Soup version 0.29.1-2-gbd0b4ee654 (webtiles) character file.

Game seed: 13277167263895506926

63 bullfish the Slasher (level 3, -1/26 HPs)
             Began as a Draconian Gladiator on Nov 14, 2022.
             Was a Follower of Hepliaklqana.
             Slain by a gnoll
             ... wielding a +0 club
              (5 damage)
             ... on level 2 of the Dungeon.
             The game lasted 00:04:07 (1234 turns).

bullfish the Slasher (Draconian Gladiator)          Turns: 1234, Time: 00:04:08

Health: -1/26      AC:  5    Str: 16    XL:     3   Next: 87%
Magic:  3/3        EV: 12    Int:  8    God:    Hepliaklqana [*.....]
Gold:   73         SH:  0    Dex: 14    Spells: 2/2 levels left

rFire   . . .      SeeInvis .   a - +0 long sword
rCold   . . .      Faith    .   (no shield)
rNeg    . . .      Spirit   .   (body armour unavailable)
rPois   .          Reflect  .   b - +0 hat
rElec   .          Harm     .   g - scarf {shadows}
rCorr   .          Rampage  .   (no gloves)
Will    .....                   (no boots)
Stlth   +.........              (no amulet)
HPRegen 0.08/turn               (no ring)
MPRegen 0.08/turn               (no ring)

@: no status effects
A: reduced essence, AC +5, unfitting armour, cold-blooded
a: Renounce Religion, Recall Ancestor, Ancestor Identity


You were on level 2 of the Dungeon.
You worshipped Hepliaklqana.
Hepliaklqana was aware of your devotion.
You visited 1 branch of the dungeon, and saw 2 of its levels.

You collected 73 gold pieces.

Inventory:

Hand Weapons
 a - a +0 long sword (weapon)
 j - a +4 dagger
Missiles
 c - 2 throwing nets (quivered)
 d - 4 javelins
 f - 10 stones
Armour
 b - a +0 hat (worn)
 g - a scarf of shadows (worn)
Magical Staves
 e - a staff of fire
Scrolls
 h - 2 scrolls of teleportation {unknown}
 i - a scroll of fear {unknown}
 k - 3 scrolls of identify {unknown}
Potions
 l - a potion of degeneration {unknown}
 m - a potion of attraction {unknown}


   Skills:
 - Level 2.1 Fighting
 + Level 4.8 Long Blades
 - Level 1.7 Throwing
 - Level 2.6 Dodging


You had 2 spell levels left.
You didn't know any spells.
Your spell library contained the following spells:

 Spells                   Type           Power      Damage    Failure   Level
 Confusing Touch          Hex            0%         N/A       78%         3
 Yara's Violent Unravell  Hex/Tmut       0%         3d3       100%        5
 Enfeeble                 Hex            0%         N/A       100%        7


Dungeon Overview and Level Annotations

Branches:
Dungeon (2/15)

Altars:
Hepliaklqana


Innate Abilities, Weirdness & Mutations

Your life essence is reduced to manifest your ancestor. (-10% HP)
Your plain brown scales are hard. (AC +5)
You cannot fit into any form of body armour.
You are cold-blooded and may be slowed by cold attacks.


Message History

The gnoll hits you from afar with a +0 spear.
Hrothgar hits the gnoll but does no damage.
You swap places.
The gnoll misses you.
You slash the gnoll!
You kill the gnoll!
The gnoll shouts!
Things that are here:
a +0 spear; a gnoll corpse A gnoll comes into view.
It is wielding a +0 club.
The gnoll shouts!
There is a stone staircase leading down here.
Found a stone staircase leading up.
The gnoll closely misses you.
Found a scroll labelled WUQEKKUCAX.
The gnoll hits you with a +0 halberd!
You closely miss the gnoll. The gnoll misses you.
Hrothgar hits the gnoll.
You hit the gnoll but do no damage.
The gnoll is moderately wounded.
The gnoll hits you with a +0 halberd.
* * * LOW HITPOINT WARNING * * *
Hrothgar hits the gnoll.
The gnoll closely misses you.
You hit the gnoll.
Your tail-slap misses the gnoll.
The gnoll is severely wounded.
Hrothgar hits the gnoll.
The gnoll dies!
The gnoll hits you with a +0 club.
* * * LOW HITPOINT WARNING * * *
Throw: 3 throwing nets
Press: ? - help, Q - select action, (/) - cycle Shift-Dir - straight line, f - gnoll
Aim: a gnoll, wielding a +0 club (63% to hit)
You throw a throwing net.
The throwing net closely misses the gnoll.
The gnoll closely misses you.
You hit the gnoll. You tail-slap the gnoll.
The gnoll is heavily wounded.
Hrothgar hits the gnoll but does no damage.
The gnoll misses Hrothgar.
You strike the helpless gnoll from behind!
You hit the gnoll.
The gnoll is almost dead.
Hrothgar closely misses the gnoll.
The gnoll hits you with a +0 club.
You die...

...#####.# #. #.###
#.###. ..?.. .#.#
##.##.. . ....##.#.#
#......
..#......#(######..##.#
.≈≈≈≈≈≈≈........†..#.#
#.~~....#####..##.#.#
#....g..<.# #.......#
#.~.@R.# #>###....
#...#....##.###.###....
........>##.........#..
..#..##.)#####.##..###
## #.. ##(...##.##.....
...#...###..#.##.####
#...###. ##.#.#..# ...
## #...#.## ##..#R#


You could see the friendly Hrothgar the ancestor and a gnoll (ally target).

Vanquished Creatures
  A gnoll (D:2)
  An adder (D:2)
  A dart slug (D:1)
  An endoplasm (D:1)
  3 giant cockroaches (D:1)
  4 goblins (D:1)
  3 hobgoblins (D:1)
  4 jackals (D:1)
  4 kobolds (D:1)
  A quokka (D:1)
  A ball python (D:1)
  2 frilled lizards (D:1)
  2 rats (D:1)
28 creatures vanquished.

Vanquished Creatures (collateral kills)
  A gnoll (D:2)
  A ball python (D:2)
2 creatures vanquished.

Vanquished Creatures (others)
  14 plants (D:2)
14 creatures vanquished.

Grand Total: 44 creatures vanquished

Notes
Turn   | Place    | Note
-------+----------+-------------------------------------------
     0 | D:1      | bullfish the Draconian Gladiator began the quest for the
                  | Orb.
     0 | D:1      | Reached XP level 1. HP: 17/17 MP: 1/1
   104 | D:1      | Reached XP level 2. HP: 13/24 MP: 2/2
   653 | D:1      | Reached skill level 4 in Long Blades
   719 | D:1      | Reached XP level 3. HP: 29/29 MP: 3/3
   729 | D:1      | Found a faded altar of an unknown god.
   815 | D:1      | Prayed at the altar of an unknown god.
   815 | D:1      | Became a worshipper of Hepliaklqana the Forgotten
   815 | D:1      | Reached * piety under Hepliaklqana
  1234 | D:2      | Slain by a gnoll

Illustrated notes

Levels and vault maps discovered:
D:1:      spicycebolla_green_bress_n_ham_2, layout_loops_ring,
          chequers_ecumenical_altar_island, minmay_bisected
D:2:      layout_rooms, basic_altar, chequers_serial_rivers_micro_e,
          serial_bayou_lagoon_a

Skill      XL: |  1  2 |
---------------+-------+-----
Long Blades    | 4 |  4.8
Fighting       | |  2.1
Throwing       | |  1.7
Dodging        | |  2.6

Action                   || total
-------------------------++-------
Melee: Long sword        ||    80
       Tailslap          ||     6
Throw: Stone             ||     2
       Throwing net      ||     1
 Stab: Sleeping          ||     1
       Distracted        ||     1
Armor: Skin              ||    24
Dodge: Dodged            ||    70
